 Dungeon Crawl Stone Soup version 0.22.0-38-g04b72b8 (webtiles) character file.

260 Karim the Stinger (level 6, -2/44 HPs)
             Began as a Gnoll Venom Mage on Aug 26, 2018.
             Was an Initiate of Kikubaaqudgha.
             Slain by an ogre
             ... wielding a +0 giant club
              (18 damage)
             ... on level 4 of the Dungeon.
             The game lasted 00:06:37 (3793 turns).

Karim the Stinger (Gnoll Venom Mage)                Turns: 3793, Time: 00:06:37

Health: -2/44      AC:  6    Str: 10    XL:     6   Next: 17%
Magic:  5/13       EV: 12    Int: 20    God:    Kikubaaqudgha [......]
Gold:   106        SH:  0    Dex: 15    Spells: 7/15 levels left

rFire    . . .     SeeInvis .   k - +1 halberd
rCold    . . .     Gourm    .   (shield currently unavailable)
rNeg     . . .     Faith    .   r - +0 ring mail
rPois    .         Spirit   .   (no helmet)
rElec    .         Reflect  .   (no cloak)
rCorr    .         Harm     .   (no gloves)
MR       .....                  j - +0 pair of boots
Stlth    ++........             (no amulet)
HPRegen  0.14/turn              (no ring)
MPRegen  0.13/turn              (no ring)

@: radiating poison
A: distributed training, fangs 1, strong nose
a: Renounce Religion


You were on level 4 of the Dungeon.
You worshipped Kikubaaqudgha.
Kikubaaqudgha was noncommittal.
You were not hungry.

You visited 1 branch of the dungeon, and saw 4 of its levels.

You collected 106 gold pieces.

Inventory:

Hand Weapons
 k - a +1 halberd (weapon)
Armour
 a - a +0 robe
 j - a +0 pair of boots (worn)
 r - a +0 ring mail (worn)
Wands
 s - a wand of clouds (7)
Scrolls
 b - 2 scrolls of teleportation
 d - 2 scrolls of amnesia
 f - a scroll of blinking
 g - 6 scrolls of identify
 m - a scroll of magic mapping
 n - a scroll of remove curse
 q - a scroll of immolation {unknown}
Potions
 e - 2 potions of haste {unknown}
 h - a potion of might
 i - a potion of ambrosia {unknown}
 l - a potion of curing {unknown}
 o - a potion of berserk rage
 t - 2 potions of degeneration {unknown}
Comestibles
 c - 2 rations


   Skills:
 + Level 1.8 Fighting
 + Level 1.8 Short Blades
 + Level 1.8 Long Blades
 + Level 1.8 Axes
 + Level 1.8 Maces & Flails
 + Level 1.8 Polearms
 + Level 1.8 Staves
 + Level 1.8 Slings
 + Level 1.8 Bows
 + Level 1.8 Crossbows
 + Level 1.8 Throwing
 + Level 1.8 Armour
 + Level 4.9 Dodging
 + Level 4.5 Stealth
 + Level 1.8 Shields
 + Level 1.8 Unarmed Combat
 + Level 5.3 Spellcasting
 + Level 2.5 Conjurations
 + Level 1.4 Hexes
 + Level 1.4 Charms
 + Level 1.4 Summonings
 + Level 1.4 Necromancy
 + Level 1.4 Translocations
 + Level 1.4 Transmutations
 + Level 1.4 Fire Magic
 + Level 1.4 Ice Magic
 + Level 1.4 Air Magic
 + Level 1.4 Earth Magic
 + Level 5.6 Poison Magic
 + Level 2.0 Invocations
 + Level 1.8 Evocations


You had 7 spell levels left.
You knew the following spells:

 Your Spells              Type           Power        Failure   Level  Hunger
a - Sting                 Conj/Pois      ###.         5%          1    None
b - Olgreb's Toxic Radia  Pois           ####....     28%         4    ####...
c - Mephitic Cloud        Conj/Pois/Air  ###.....     22%         3    ##.....

Your spell library contained the following spells:

 Spells                   Type           Power        Failure   Level  Hunger
 Poisonous Vapours        Pois/Air       ###...       10%         2    None
 Venom Bolt               Conj/Pois      ###.......   82%         5    #####..


Dungeon Overview and Level Annotations

Branches:
Dungeon (4/15)
 Temple: D:4-7

Altars:
Gozag
Kikubaaqudgha
Okawaru
Wu Jian

Annotations:
D:4 Eustachio, Menkaure


Innate Abilities, Weirdness & Mutations

Your experience applies equally to all skills.
You have very sharp teeth.
Your uncanny sense of smell can sniff out nearby items.


Message History

Casting: Sting (safe; 5% risk of failure)
Confirm with . or Enter, or press ? or * to list all spells.
You begin to radiate toxic energy.
The ogre is poisoned.
Unknown command.
The ogre hits you with a giant club!
Found a short sword.
You slash the ogre!
The ogre is heavily wounded.
The ogre looks even sicker.
Your toxic aura wanes.
The ogre hits you with a giant club!
You hit the ogre but do no damage.
The ogre is heavily wounded.
The ogre hits you but does no damage.
Casting: Olgreb's Toxic Radiance (quite dangerous; 28% risk of failure)
Confirm with . or Enter, or press ? or * to list all spells.
You begin to radiate toxic energy.
The ogre looks even sicker.
The ogre hits you with a giant club!!
You die...
Kikubaaqudgha rasps: "You have failed me!
Welcome... death!"

#.. .. #..#.## #......
#..... #....#####
#........# #.....# #
#....##.# #.....##
.#..###@..##.# #......#
)......O...#.####......#
.#..###.................
........................
...............######...
....###....#<#.#........
... #..###+###..........
(. .... #.#...#.### #
#.#.. #.#.......


You could see an ogre.

Vanquished Creatures
  A bullfrog skeleton (D:3)
  Jessica (D:3)
  Ijyb (D:3)
  Terence (D:3)
  A hound skeleton (D:3)
  A gnoll (D:1)
  4 adders
  3 oozes
  4 worms
  2 leopard geckos
  An orc (D:3)
  8 bats
  2 giant cockroaches (D:1)
  7 goblins
  11 hobgoblins
  6 jackals
  A quokka (D:2)
  2 ball pythons (D:2)
  3 frilled lizards
  6 kobolds
  6 rats
72 creatures vanquished.

Notes
Turn   | Place    | Note
-------+----------+-------------------------------------------
     0 | D:1      | Karim the Gnoll Venom Mage began the quest for the Orb.
     0 | D:1      | Reached XP level 1. HP: 13/13 MP: 6/6
   139 | D:1      | Reached XP level 2. HP: 15/19 MP: 7/7
   519 | D:1      | Reached skill level 5 in Spellcasting
   519 | D:1      | Reached XP level 3. HP: 12/25 MP: 7/9
  1084 | D:2      | Reached skill level 1 in Invocations
  1334 | D:2      | Reached skill level 1 in Fighting
  1334 | D:2      | Reached skill level 1 in Short Blades
  1334 | D:2      | Reached skill level 1 in Long Blades
  1334 | D:2      | Reached skill level 1 in Axes
  1334 | D:2      | Reached skill level 1 in Maces & Flails
  1334 | D:2      | Reached skill level 1 in Polearms
  1334 | D:2      | Reached skill level 1 in Staves
  1334 | D:2      | Reached skill level 1 in Slings
  1334 | D:2      | Reached skill level 1 in Bows
  1334 | D:2      | Reached skill level 1 in Crossbows
  1334 | D:2      | Reached skill level 1 in Throwing
  1334 | D:2      | Reached skill level 1 in Armour
  1334 | D:2      | Reached skill level 1 in Shields
  1334 | D:2      | Reached skill level 1 in Unarmed Combat
  1334 | D:2      | Reached skill level 1 in Evocations
  1476 | D:2      | Reached XP level 4. HP: 25/32 MP: 11/11
  1494 | D:3      | Noticed Terence
  1539 | D:2      | Learned a level 4 spell: Olgreb's Toxic Radiance
  2140 | D:4      | Noticed Menkaure
  2241 | D:3      | Reached skill level 1 in Hexes
  2241 | D:3      | Reached skill level 1 in Charms
  2241 | D:3      | Reached skill level 1 in Summonings
  2241 | D:3      | Reached skill level 1 in Necromancy
  2241 | D:3      | Reached skill level 1 in Translocations
  2241 | D:3      | Reached skill level 1 in Transmutations
  2241 | D:3      | Reached skill level 1 in Fire Magic
  2241 | D:3      | Reached skill level 1 in Ice Magic
  2241 | D:3      | Reached skill level 1 in Air Magic
  2241 | D:3      | Reached skill level 1 in Earth Magic
  2496 | D:3      | Found an ornate altar of the Wu Jian Council.
  2496 | D:3      | Found an opulent altar of Gozag.
  2497 | D:3      | Found an ancient bone altar of Kikubaaqudgha.
  2695 | D:3      | Became a worshipper of Kikubaaqudgha
  3027 | D:3      | Reached XP level 5. HP: 27/37 MP: 7/12
  3151 | D:3      | Learned a level 3 spell: Mephitic Cloud
  3178 | D:3      | Killed Terence
  3540 | D:3      | Noticed Ijyb
  3548 | D:3      | Killed Ijyb
  3576 | D:3      | Noticed Jessica
  3583 | D:3      | Killed Jessica
  3583 | D:3      | Reached XP level 6. HP: 44/44 MP: 4/13
  3586 | D:3      | Found an iron altar of Okawaru.
  3704 | D:4      | Noticed Eustachio
  3793 | D:4      | Slain by an ogre

Skill      XL: |  1  2  3  4  5 |
---------------+----------------+-----
Conjurations   | 2 |  2.5
Spellcasting   | 5 |  5.3
Invocations    | 1 2 |  2.0
Fighting       | 1 |  1.8
Short Blades   | 1 |  1.8
Long Blades    | 1 |  1.8
Axes           | 1 |  1.8
Maces & Flails | 1 |  1.8
Polearms       | 1 |  1.8
Staves         | 1 |  1.8
Slings         | 1 |  1.8
Bows           | 1 |  1.8
Crossbows      | 1 |  1.8
Throwing       | 1 |  1.8
Armour         | 1 |  1.8
Shields        | 1 |  1.8
Unarmed Combat | 1 |  1.8
Evocations     | 1 |  1.8
Hexes          | 1 |  1.4
Charms         | 1 |  1.4
Summonings     | 1 |  1.4
Necromancy     | 1 |  1.4
Translocations | 1 |  1.4
Transmutations | 1 |  1.4
Fire Magic     | 1 |  1.4
Ice Magic      | 1 |  1.4
Air Magic      | 1 |  1.4
Earth Magic    | 1 |  1.4
Dodging        | |  4.9
Stealth        | |  4.5
Poison Magic   | |  5.6

Action                   |  1- 3 |  4- 6 || total
-------------------------+-------+-------++-------
Melee: Unarmed           |    43 |       ||    43
       Bite              |     8 |     4 ||    12
       Halberd           |    45 |   105 ||   150
 Cast: Sting             |    30 |     2 ||    32
       Olgreb's Toxic Ra |       |    10 ||    10
       Mephitic Cloud    |       |     1 ||     1
  Use: Potion            |     2 |       ||     2
       Scroll            |       |     8 ||     8
 Stab: Sleeping          |     5 |     4 ||     9
       Confused          |       |     2 ||     2
  Eat: Chunk             |     2 |     9 ||    11
Armor: Robe              |    15 |     1 ||    16
       Leather armour    |       |     6 ||     6
       Ring mail         |       |    11 ||    11
Dodge: Dodged            |    64 |   119 ||   183
